 Dungeon Crawl Stone Soup version 0.19.1-1-g22dce08 (webtiles) character file.

14459 RKaid the Brawler (level 11, -5/109 HPs)
             Began as a Troll Monk on Jan 13, 2017.
             Was a High Priest of Makhleb.
             Slain by a seven-headed hydra (9 damage)
             ... on level 2 of the Lair of Beasts.
             The game lasted 00:23:47 (9681 turns).

RKaid the Brawler (Troll Monk)                      Turns: 9681, Time: 00:23:48

Health: -5/109     AC:  7    Str: 23    XL:     11   Next: 89%
Magic:  0/22       EV: 11    Int:  6    God:    Makhleb [*****.]
Gold:   494        SH:  0    Dex: 13    Spells: 0 memorised, 10 levels left

rFire  . . .     SeeInvis .       - Unarmed
rCold  + . .     Gourm    +     a - +1 robe
rNeg   . . .     Faith    .     (no shield)
rPois  .         Spirit   +     (helmet restricted)
rElec  .         Reflect  .     t - +0 cloak
rCorr  +         Harm     .     (gloves unavailable)
MR     .....                    (boots unavailable)
Stlth  +++.......               u - amulet of Ipuorr {Spirit rC+ Stlth+}
                                D - ring of magical power {MP+9}
                                I - ring of resist corrosion

@: lethally poisoned (-5 -> -6)
A: unfitting armour, claws 3, fast metabolism 3, gourmand, regeneration 1,
shaggy fur 1, tough skin 2
a: Minor Destruction, Lesser Servant of Makhleb, Major Destruction, Greater
Servant of Makhleb, Renounce Religion


You were on level 2 of the Lair of Beasts.
You worshipped Makhleb.
Makhleb was extremely pleased with you.
You were completely stuffed.

You visited 2 branches of the dungeon, and saw 12 of its levels.

You collected 494 gold pieces.

Inventory:

Missiles
 L - 2 throwing nets {=f}
Armour
 a - a +1 robe (worn)
 t - a +0 cloak (worn)
   (You took it off Maurice on level 9 of the Dungeon)
Jewellery
 r - an uncursed ring of flight {+Fly}
   (You found it on level 6 of the Dungeon)
 u - the amulet of Ipuorr (around neck) {Spirit rC+ Stlth+}
   (You found it on level 6 of the Dungeon)

   [amulet of guardian spirit]

   It causes incoming damage to be split between your health and magic.
   It protects you from cold.
   It makes you more stealthy.
 y - an uncursed amulet of rage {unknown}
   (You found it on level 1 of the Lair of Beasts)
 D - a ring of magical power (right claw) {MP+9}
   (You found it on level 8 of the Dungeon)
 I - a ring of resist corrosion (left claw)
   (You found it on level 9 of the Dungeon)
Wands
 q - a wand of disintegration (16/24)
   (You found it on level 7 of the Dungeon)
 C - a wand of digging (22/24)
   (You found it on level 8 of the Dungeon)
 K - a wand of confusion (32/48)
   (You found it on level 9 of the Dungeon)
Scrolls
 e - a scroll of random uselessness {unknown}
 h - 4 scrolls of remove curse
 i - a scroll of identify
 p - 2 scrolls of recharging
 M - a scroll of immolation {unknown}
Potions
 c - a potion of magic
 d - 6 potions of haste
 g - a potion of berserk rage {unknown}
 l - 2 potions of heal wounds
 m - 2 potions of resistance {unknown}
 n - 3 potions of lignification {!q}
 o - 3 potions of curing
 s - 2 potions of cancellation {unknown}
 v - 2 potions of mutation {unknown}
 x - a potion of flight
 A - a potion of agility
 B - a potion of ambrosia {unknown}
 E - a potion of degeneration {unknown}
 J - a potion of invisibility {unknown}
 N - a potion of might {unknown}
Books
 f - a book of Necromancy
   (You found it on level 7 of the Dungeon)
 w - a book of Maledictions
   (You found it on level 6 of the Dungeon)
 F - a book of Frost
   (You found it on level 9 of the Dungeon)
 G - a book of Air
   (You found it on level 6 of the Dungeon)
Comestibles
 b - 7 bread rations
 j - 2 beef jerkies
 k - a royal jelly
 z - 2 meat rations


   Skills:
 - Level 7.6 Fighting
 * Level 3.1 Dodging
 - Level 1.0 Stealth
 + Level 16.6 Unarmed Combat
 + Level 4.2 Invocations


You had 10 spell levels left.
You didn't know any spells.

Dungeon Overview and Level Annotations

Branches:
Dungeon (10/15)            Temple (0/1) D:6            Lair (2/6) D:9
  Swamp: Lair:2-4    Shoals: Lair:2-4     Snake: Lair:2-4    Spider: Lair:2-4
    Orc: D:9-12

Altars:
Cheibriados
Hepliaklqana
Kikubaaqudgha
Makhleb
Okawaru
Uskayaw
Vehumet

Annotations:
D:10 Nergalle


Innate Abilities, Weirdness & Mutations

You are too large for most types of armour.
You have claws for hands.
Your metabolism is lightning-fast.
You like to eat raw meat.
Your natural rate of healing is unusually fast.
You are covered in fur. (AC +1)
You have very tough skin. (AC +2)


Message History

You feel better.
You see here a hippogriff corpse.
You butcher the hippogriff corpse.
H - 16 chunks of flesh (gained 4)
o - 3 potions of curing (gained 1) Some of the chunks of flesh in your inventory have rotted away.
You start resting.
Eating one of 12 chunks of flesh.
You start eating one of the 12 chunks of flesh.
This raw flesh tastes great.
A naga comes into view. It is wielding a flail.
You see here a sedimented purple potion.
v - 2 sedimented purple potions (gained 1)
The naga spits poison at you. The splash of poison hits you!
You are poisoned.
You feel sick.
You feel sick.
You feel sick.
You feel sick.
You feel sick.
You feel sick.
There is a stone staircase leading up here.
You feel sick.
You are no longer poisoned.
You start waiting.
Eating one of 11 chunks of flesh.
You start eating one of the 11 chunks of flesh.
This raw flesh tastes great.
Some of the chunks of flesh in your inventory have rotted away. x2
Done waiting.
Some of the chunks of flesh in your inventory have rotted away.
A naga comes into view. It is wielding a battleaxe.
The naga moves out of view.
The naga shouts!
The four-headed hydra roars!
Press: ? - help, Shift-Dir - straight line, f - four-headed hydra
Aim: a four-headed hydra The zap hits the four-headed hydra.
Press: ? - help, Shift-Dir - straight line, f/p - four-headed hydra
Aim: a four-headed hydra (lightly wounded)
The acid hits the four-headed hydra.
The four-headed hydra is splashed with acid.
You claw one of the four-headed hydra's heads off!
The three-headed hydra grows two more!
You scratch the five-headed hydra.
The five-headed hydra bites you but does no damage.
The five-headed hydra bites you!
The five-headed hydra bites you but does no damage.
The five-headed hydra barely misses you.
The five-headed hydra bites you.
You scratch the five-headed hydra but do no damage.
You tear one of the five-headed hydra's heads off!
The four-headed hydra grows two more!
You scratch the six-headed hydra.
The six-headed hydra bites you but does no damage.
The six-headed hydra bites you! The six-headed hydra barely misses you.
The six-headed hydra bites you! The six-headed hydra bites you.
The six-headed hydra closely misses you.
The naga spits poison at you. The splash of poison hits you!
You are poisoned.
You tear one of the six-headed hydra's heads off!
The five-headed hydra grows two more!
You mangle the seven-headed hydra!!
You feel sick.
The seven-headed hydra bites you but does no damage.
The seven-headed hydra bites you! x3; The seven-headed hydra bites you.
The seven-headed hydra misses you. The seven-headed hydra bites you!
* * * LOW HITPOINT WARNING * * *
Unknown command.
Okay, then.
You feel sick.
The seven-headed hydra closely misses you. x2
The seven-headed hydra bites you.
* * * LOW HITPOINT WARNING * * *
The seven-headed hydra bites you.
* * * LOW HITPOINT WARNING * * *
The seven-headed hydra closely misses you.
The seven-headed hydra bites you!
* * * LOW HITPOINT WARNING * * *
The seven-headed hydra closely misses you.
You feel sick.
You feel sick.
All of the chunks of flesh in your inventory have rotted away.
There is a stone staircase leading up here.
Okay, then.
Unknown command.
Evoke which item? (* to show all) (? for menu, Esc to quit)
Zapping:
K - a wand of confusion (will waste charges)
Press: ? - help, Shift-Dir - straight line, f/p - seven-headed hydra
Aim: a seven-headed hydra (lightly wounded, chance to defeat MR: 15%)
Okay, then.
Unknown command.
You feel much better. The seven-headed hydra bites you! x2
* * * LOW HITPOINT WARNING * * *
The seven-headed hydra bites you!
* * * LOW HITPOINT WARNING * * *
The seven-headed hydra bites you but does no damage. x2
The seven-headed hydra bites you!
* * * LOW HITPOINT WARNING * * *
The seven-headed hydra bites you!
You die...

.....### #.......
......#####
#.......#.#
#........# #.......##
#.......## ##@.....#
#PD.....## ###......#
#......## ##......##
## ###.....#########
#.#. #..........##..
##..###.)............
#...#........P.......


You could see a seven-headed hydra.

Vanquished Creatures
  The ghost of Lahna the Carver, a novice MiBe of Trog (D:9)
  An unseen horror (D:10)
  Pikel (D:7)
  Maurice (D:9)
  A black mamba (Lair:1)
  Joseph (D:9)
  2 spiny frogs (Lair:1)
  Psyche (D:9)
  2 komodo dragons
  3 blink frogs (Lair:2)
  Prince Ribbit (D:9)
  3 hippogriffs
  2 wyverns
  9 yaks
  A basilisk (Lair:2)
  Menkaure (D:7)
  6 porcupines
  2 hell hounds (D:9)
  6 water moccasins
  2 orc warriors (D:6)
  2 sky beasts
  An eye of draining (D:10)
  2 ice beasts
  7 ogres
  9 wolves (Lair:1)
  5 crocodiles
  3 centaurs
  2 big kobolds
  9 bullfrogs
  5 scorpions
  3 howler monkeys
  2 crimson imps
  A bullfrog zombie (D:9)
  3 hounds
  2 jellies
  A bullfrog skeleton (D:5)
  A centaur skeleton (D:4)
  6 orc priests
  An iguana (D:4)
  6 orc wizards
  5 worker ants
  14 adders
  2 shadow imps
  An adder zombie (D:6)
  2 adder skeletons
  5 worms
  3 dart slugs
  5 leopard geckos
  13 orcs
  2 ball pythons
  2 giant cockroaches
  9 goblins
  7 hobgoblins
  12 jackals
  2 quokkas
  5 bats
  7 frilled lizards
  A jackal skeleton (D:8)
  20 kobolds
  A leopard gecko zombie (D:9)
  A quokka zombie (D:4)
  12 rats
249 creatures vanquished.

Vanquished Creatures (others)
  A slave (D:7)
  A scorpion (D:7)
  A worker ant (D:7)
  An adder (D:7)
  5 kobolds (D:7)
  2 plants
11 creatures vanquished.

Grand Total: 260 creatures vanquished

Notes
Turn   | Place    | Note
-------+----------+-------------------------------------------
     0 | D:1      | RKaid the Troll Monk began the quest for the Orb.
     0 | D:1      | Reached XP level 1. HP: 22/22 MP: 0/0
    82 | D:1      | Reached XP level 2. HP: 25/29 MP: 1/1
   342 | D:1      | Reached skill level 4 in Unarmed Combat
   597 | D:1      | Reached XP level 3. HP: 32/36 MP: 2/2
  1040 | D:2      | Reached XP level 4. HP: 36/44 MP: 3/3
  1112 | D:2      | Reached skill level 5 in Unarmed Combat
  1790 | D:3      | Noticed an ogre
  1798 | D:3      | Killed an ogre
  1798 | D:3      | Reached skill level 6 in Unarmed Combat
  1798 | D:3      | Reached XP level 5. HP: 32/50 MP: 4/4
  2157 | D:4      | Reached skill level 7 in Unarmed Combat
  2157 | D:4      | Reached XP level 6. HP: 48/59 MP: 5/5
  2980 | D:4      | Found an ancient bone altar of Kikubaaqudgha.
  3091 | D:4      | Found a burning altar of Makhleb.
  3096 | D:4      | Became a worshipper of Makhleb the Destroyer
  3096 | D:4      | Reached * piety under Makhleb
  3096 | D:4      | Reached ** piety under Makhleb
  3112 | D:5      | Entered Level 5 of the Dungeon
  3141 | D:5      | Noticed an ice beast
  3149 | D:5      | Killed an ice beast
  3149 | D:5      | Reached skill level 1 in Invocations
  3149 | D:5      | Reached XP level 7. HP: 45/66 MP: 6/6
  3282 | D:5      | Reached skill level 8 in Unarmed Combat
  3740 | D:5      | Reached skill level 2 in Invocations
  3851 | D:6      | Found a hazy altar of Hepliaklqana.
  3918 | D:6      | Reached skill level 9 in Unarmed Combat
  4114 | D:6      | Reached XP level 8. HP: 72/74 MP: 7/9
  4123 | D:6      | Reached skill level 3 in Invocations
  4191 | D:6      | Found a staircase to the Ecumenical Temple.
  4387 | D:6      | Got a fine tin amulet
  4397 | D:6      | Found a radiant altar of Vehumet.
  4400 | D:6      | Found a hide-covered altar of Uskayaw.
  4400 | D:6      | Found a snail-covered altar of Cheibriados.
  4404 | D:6      | Found an iron altar of Okawaru.
  4567 | D:7      | Noticed Pikel
  4622 | D:7      | Identified the amulet of Ipuorr {Spirit rC+ Stlth+} (You found it on level 6 of the Dungeon)
  4639 | D:7      | Reached *** piety under Makhleb
  4639 | D:7      | Reached skill level 10 in Unarmed Combat
  4712 | D:7      | Reached skill level 6 in Fighting
  4712 | D:7      | Reached skill level 13 in Unarmed Combat
  4712 | D:7      | Reached XP level 9. HP: 89/89 MP: 10/10
  4724 | D:7      | Noticed Menkaure
  4773 | D:7      | Killed Pikel
  4874 | D:7      | Reached skill level 14 in Unarmed Combat
  5243 | D:7      | Reached XP level 10. HP: 91/98 MP: 9/11
  5261 | D:7      | Killed Menkaure
  6161 | D:9      | Reached **** piety under Makhleb
  6210 | D:9      | Noticed Psyche
  6282 | D:9      | Noticed Joseph
  6285 | D:9      | Noticed Prince Ribbit
  6294 | D:9      | Killed Prince Ribbit
  6312 | D:9      | Noticed Maurice
  6319 | D:9      | Killed Maurice
  6391 | D:9      | Reached skill level 15 in Unarmed Combat
  6406 | D:9      | Found a staircase to the Lair.
  6516 | D:9      | Noticed Lahna's ghost (novice MiBe)
  6538 | D:9      | Killed Lahna's ghost
  6802 | D:9      | Killed Joseph
  6858 | D:9      | Killed Psyche
  7031 | Lair:1   | Entered Level 1 of the Lair of Beasts
  7031 | Lair:1   | Noticed a spiny frog
  7060 | D:10     | Entered Level 10 of the Dungeon
  7128 | D:10     | Reached XP level 11. HP: 102/107 MP: 12/12
  7219 | D:10     | HP: 26/107 [something (8)]
  7224 | D:10     | Killed an unseen horror
  7344 | D:10     | Noticed Nergalle
  7349 | D:10     | Noticed a spectral orc warlord
  7516 | Lair:1   | Reached ***** piety under Makhleb
  8045 | Lair:1   | Reached skill level 7 in Fighting
  8045 | Lair:1   | Reached skill level 16 in Unarmed Combat
  8285 | Lair:1   | HP: 26/109 [wolf (3)]
  8292 | Lair:1   | HP: 23/109 [wolf (7)]
  8300 | Lair:1   | HP: 24/109 [wolf (3)]
  9048 | Lair:2   | Noticed a four-headed hydra
  9245 | Lair:2   | Reached skill level 4 in Invocations
  9453 | Lair:2   | Reached skill level 3 in Dodging
  9673 | Lair:2   | HP: 22/109 [seven-headed hydra (8)]
  9678 | Lair:2   | HP: 24/109 [poisoned by a naga (splash of poison)]
  9681 | Lair:2   | HP: 4/109 [seven-headed hydra (12)]
  9681 | Lair:2   | Slain by a seven-headed hydra

Skill      XL: |  1  2  3  4  5  6  7  8  9 10 11 |
---------------+----------------------------------+-----
Unarmed Combat | 4 6 7 9 13 14 15 16 | 16.6
Invocations    | 1 2 3 4 |  4.2
Fighting       | 6 7 |  7.6
Dodging        | 3 |  3.1
Stealth        | |  1.0

Action                   |  1- 3 |  4- 6 |  7- 9 | 10-12 || total
-------------------------+-------+-------+-------+-------++-------
Melee: Unarmed           |    95 |    98 |   171 |   343 ||   707
       Punch             |     1 |     4 |     7 |    23 ||    35
Invok: Minor Destruction |       |       |       |     3 ||     3
  Use: Scroll            |       |       |    14 |     7 ||    21
       Potion            |       |       |     1 |     4 ||     5
 Stab: Sleeping          |     2 |     3 |     2 |     4 ||    11
  Eat: Chunk             |    15 |    17 |    21 |    40 ||    93
Armor: Robe              |    33 |    15 |    38 |    79 ||   165
Dodge: Dodged            |    49 |    31 |    79 |   168 ||   327

Vault maps used:
D:1:      tarquinn_simple_flora_water_c, hangedman_decor_push
D:2:      lexackson_kobold_supper
D:4:      lemuel_doored_altar, lemuel_coloured_pillars_altar, first_bread
D:6:      kennysheep_mini_moat, grunt_temple_overflow_open
D:7:      uniq_menkaure, uniq_pikel
D:9:      minmay_lair_entry_lava, uniq_psyche, uniq_joseph, uniq_prince_ribbit1,
          uniq_maurice
D:10:     kennysheep_orc_monster_closet_entryway, hangedman_pestilent_swarm,
          minmay_stone_trees_small, uniq_nergalle
Lair:1:   st_stairs_4
Lair:2:   guppyfry_snake_entry_island

Table legend:
 A = Turns spent in this place as a percentage of turns spent in the entire game.
 B = Non-inter-level travel turns spent in this place as a percentage of non-inter-level travel turns spent in the entire game.
 C = Inter-level travel turns spent in this place as a percentage of turns spent in this place.
 D = Turns resting spent in this place as a percentage of non-inter-level travel turns spent in this place.
 E = Turns spent auto-exploring this place as a percentage of non-inter-level travel turns spent in this place.
 F = Non-inter-level travel turns spent in this place divided by the number of levels of this place that you've seen.
                   A       B       C       D       E      F
               +-------+-------+-------+-------+-------+----------------------
         Total | 100.0 | 100.0 |   0.5 |   2.7 |   8.5 | 241.2
       Dungeon |  77.6 |  77.5 |   0.6 |   2.2 |   9.9 | 224.5
          Lair |  22.4 |  22.5 |   0.3 |   4.3 |   3.5 | 325.0
               +-------+-------+-------+-------+-------+----------------------

Table legend:
 A = Kills in this place as a percentage of kills in entire the game.
 B = Kills by you in this place as a percentage of kills by you in the entire game.
 C = Kills by friends in this place as a percentage of kills by friends in the entire game.
 D = Other kills in this place as a percentage of other kills in the entire game.
 E = Experience gained in this place as a percentage of experience gained in the entire game.
 F = Experience gained in this place divided by the number of levels of this place that you have seen.
                   A       B       C       D       E      F
               +-------+-------+-------+-------+-------+----------------------
         Total | 100.0 | 100.0 |  -nan |  -nan | 100.0 | 1560.3
       Dungeon |  80.7 |  80.7 |  -nan |  -nan |  53.5 | 1001.1
          Lair |  19.3 |  19.3 |  -nan |  -nan |  46.5 | 4356.5
               +-------+-------+-------+-------+-------+----------------------
